AoeStats
← Donki

Lombardia

509932961Analyzed
4v4 RM · 4d ago on Sep 28, 2026· 36m 26s· 8 players
Game mode
Random Map
Map size
Large (8 player)
Population
200
Speed
Normal
Resources
Standard
Victory
Conquest
Starting age
Dark Age
Ending age
Imperial Age
RankedLock teamsTeams togetherTeam positionsShared explorationLock speedFull tech treeHidden civsTurbo modeCheats
Victory
Defeat
🇹🇷 Armenians · Türkiye
1282
+11
🇨🇳 Tatars · China
1280
+11
🇨🇳 Franks · China
1245
+12
🇷🇺 Saracens · Russia
1240
+12
🇨🇿 Magyars · Czechia
1220
-13
🇺🇸 Bohemians · United States
1166
-12
🇨🇿 Italians · Czechia
1145
-11
🇨🇿 Saxons · Czechia
1115
-10
HeO_3km
3:02 Loom
10:18 Feudal Age
15:53 Castle Age
14:12 Double-Bit Axe
14:22 Horse Collar
26:21 Wheelbarrow
26:23 Town Watch
27:43 Bloodlines
32:11 Imperial Age
30:02 Scale Barding Armor
30:09 Gold Mining
30:48 Hand Cart
30:50 Husbandry
30:11 Light Cavalry
31:30 Bow Saw
33:05 Chain Barding Armor
32:56 Forging
32:37 Fletching
32:51 Stone Mining
33:23 Ballistics
33:14 Fortified Wall
34:05 Chemistry
33:18 Masonry
32:40 Heavy Camel Rider
34:01 Heavy Plow
34:22 Town Patrol
35:13 Plate Barding Armor
37:36 Gold Shaft Mining
Dwight
6:35 Loom
9:22 Feudal Age
9:35 Man-at-Arms
12:48 Arson
13:32 Double-Bit Axe
14:55 Forging
15:39 Scale Mail Armor
18:18 Long Swordsman
24:09 Castle Age
22:47 Horse Collar
23:03 Gold Mining
25:15 Chain Mail Armor
25:27 Bow Saw
25:18 Heavy Plow
26:17 Iron Casting
25:20 Two-Handed Swordsman
26:01 Squires
27:24 Gambesons
27:57 Champion
31:42 Wheelbarrow
30:52 Town Watch
34:22 Stone Mining
很蓝的啦
8:58 Feudal Age
9:16 Loom
10:02 Double-Bit Axe
10:47 Horse Collar
12:00 Wheelbarrow
11:10 Town Watch
16:01 Bloodlines
19:06 Gold Mining
21:51 Castle Age
20:03 Forging
21:27 Scale Barding Armor
21:15 Fletching
21:25 Padded Archer Armor
22:41 Bodkin Arrow
24:32 Gold Shaft Mining
25:08 Stone Mining
28:23 Bow Saw
29:38 Leather Archer Armor
29:43 Treadmill Crane
34:33 Hand Cart
34:03 Town Watch
大理段正纯
10:48 Feudal Age
15:35 Castle Age
14:25 Double-Bit Axe
17:33 Wheelbarrow
17:14 Bow Saw
23:46 Gold Mining
25:22 Gold Shaft Mining
26:44 Hand Cart
27:20 Loom
30:31 Imperial Age
28:24 Scale Barding Armor
28:30 Forging
28:27 Husbandry
28:39 Town Watch
29:55 Chain Barding Armor
31:51 Iron Casting
31:23 Town Patrol
30:59 Cavalier
31:45 Chivalry
32:06 Conscription
32:57 Plate Barding Armor
33:11 Paladin
34:54 Blast Furnace
Donki
6:23 Loom
9:08 Feudal Age
10:38 Double-Bit Axe
13:31 Scale Barding Armor
17:26 Gold Mining
20:13 Castle Age
19:21 Fletching
21:34 Bow Saw
23:20 Bloodlines
28:48 Town Watch
29:40 Wheelbarrow
29:25 Horse Collar
32:24 Bodkin Arrow
32:29 Padded Archer Armor
35:06 Imperial Age
32:52 Hand Cart
33:43 Corvinian Army
34:03 Leather Archer Armor
35:14 Ballistics
36:19 Parthian Tactics
35:57 Bracer
36:59 Conscription
36:43 Recurve Bow
DartPlayerCZ
11:16 Feudal Age
16:15 Castle Age
22:00 Loom
28:45 Double-Bit Axe
29:38 Fletching
32:19 Wheelbarrow
32:08 Bow Saw
31:41 Horse Collar
34:57 Bodkin Arrow
Abraham
5:57 Loom
10:51 Feudal Age
21:57 Castle Age
27:12 Crossbowman
30:14 Fletching
31:19 Bodkin Arrow
TheEel
4:05 Loom
12:30 Feudal Age
15:01 Double-Bit Axe
15:01 Horse Collar
17:31 Castle Age
16:16 Double-Bit Axe
22:10 Fervor
22:11 Squires
21:37 Pikeman
22:47 Heavy Plow
24:40 Pikeman
26:37 Sanctity
30:56 Wheelbarrow
30:33 Bow Saw
35:52 Imperial Age
34:27 Fletching
35:15 Bodkin Arrow
36:46 Hussite Reforms
37:02 Conscription
Connection lost

Rejoining the realm…

Still unreachable

The connection could not be restored.

Session expired

The server has moved on; the page needs a fresh start.